 Dungeon Crawl Stone Soup version 0.21-b1-23-g1fb0a74c36 (webtiles) character file.

33 RKaid the Charlatan (level 3, -2/20 HPs)
             Began as a Deep Elf Artificer on Jan 6, 2018.
             Killed from afar by a dart slug (6 damage)
             ... with a slug dart
             ... on level 2 of the Dungeon.
             The game lasted 00:04:40 (1926 turns).

RKaid the Charlatan (Deep Elf Artificer)            Turns: 1926, Time: 00:04:40

Health: -2/20      AC:  5    Str:  9    XL:     3   Next: 12%
Magic:  7/7        EV: 11    Int: 16    God:
Gold:   66         SH:  0    Dex: 15    Spells: 2/2 levels left

rFire    . . .     SeeInvis .   a - +0 short sword
rCold    . . .     Gourm    .   (no shield)
rNeg     . . .     Faith    .   k - +0 ring mail
rPois    .         Spirit   .   (no helmet)
rElec    .         Reflect  .   (no cloak)
rCorr    .         Harm     .   (no gloves)
MR       .....                  (no boots)
Stlth    +.........             (no amulet)
HPRegen  0.06/turn              (no ring)
MPRegen  0.10/turn              (no ring)

@: no status effects
A: no striking features
a: no special abilities


You were on level 2 of the Dungeon.
You were not hungry.

You visited 1 branch of the dungeon, and saw 2 of its levels.

You collected 66 gold pieces.

Inventory:

Hand Weapons
 a - a +0 short sword (weapon)
Armour
 b - a +0 leather armour
 k - a +0 ring mail (worn)
   (You found it on level 1 of the Dungeon)
Wands
 c - a wand of flame (14)
 d - a wand of enslavement (15)
 e - a wand of random effects (15)
Scrolls
 h - a scroll of noise {unknown}
 i - a scroll of magic mapping {unknown}
 o - a scroll of fog {unknown}
 p - a scroll of immolation {unknown}
Potions
 g - a potion of ambrosia {unknown}
 j - a potion of might {unknown}
 l - a potion of haste {unknown}
 m - 4 potions of curing {unknown}
 n - a potion of magic {unknown}
Comestibles
 f - 2 rations


   Skills:
 + Level 1.5 Fighting
 + Level 2.0 Short Blades
 - Level 2.4 Dodging
 + Level 2.3 Stealth
 - Level 3.2 Evocations


You had 2 spell levels left.
You didn't know any spells.

Dungeon Overview and Level Annotations

Branches:
Dungeon (2/15)

Altars:
Gozag
Xom


Message History

You barely miss the jackal.
The jackal barks!
The jackal bites you but does no damage.
You hit the jackal.
The jackal bites you but does no damage.
The jackal barely misses you.
You hit the jackal but do no damage. The jackal closely misses you.
Your ring mail prevents you from hitting the jackal.
The jackal bites you. The jackal misses you. The jackal barely misses you. x3
You climb upwards.
There is a stone staircase leading down here.
The jackal closely misses you. The jackal closely misses you.
You hit the jackal but do no damage. The jackal closely misses you.
The jackal bites you but does no damage.
You hit the jackal but do no damage. The jackal bites you.
You hit the jackal but do no damage. The jackal bites you.
The jackal closely misses you.
You closely miss the jackal. The jackal barely misses you.
You miss the jackal. The jackal barely misses you.
Your ring mail prevents you from hitting the jackal.
The jackal misses you. The jackal barely misses you.
You closely miss the jackal. The jackal closely misses you.
You closely miss the jackal.
The jackal bites you but does no damage. x2
Search for what [? for help]? short bl Your ring mail prevents you from hitting the jackal.
The jackal barely misses you.
You hit the jackal but do no damage.
The jackal bites you but does no damage.
You hit the jackal but do no damage. The jackal barely misses you.
The jackal bites you but does no damage.
You hit the jackal.
You kill the jackal!
Your Short Blades skill increases to level 2!
You hit the jackal. The jackal misses you.
You miss the jackal. The jackal completely misses you. The jackal bites you.
You barely miss the jackal.
The jackal bites you but does no damage.
You hit the jackal but do no damage. The jackal misses you.
The jackal closely misses you.
You barely miss the jackal. The jackal barely misses you.
You closely miss the jackal. The jackal closely misses you.
You hit the jackal.
You kill the jackal!
You start resting.
You see here a centaur barding.
Enter note: centaur barding on D1!
Search for what [Enter for "short bl", or ? for help]?
Okay, then.
You see here a club.
There is a staircase leading out of the dungeon, spattered with blood here.
You see here a club.
There is a stone staircase leading down here.
There is a staircase leading out of the dungeon, spattered with blood here.
You see here a club.
You see here a club.
There is a stone staircase leading down here.
You climb downwards.
There is a stone staircase leading up here.
Found an opulent altar of Gozag.
You now have 66 gold pieces (gained 19).
A kobold comes into view.
You hit the kobold. The kobold hits you but does no damage.
You closely miss the kobold. The kobold barely misses you.
You hit the kobold. The kobold hits you but does no damage.
You miss the kobold. The kobold closely misses you.
You hit the kobold.
You kill the kobold!
There is an opulent altar of Gozag here.
A kobold comes into view.
The kobold moves out of view.
The kobold shouts!
The kobold throws a stone.
The stone barely misses you.
All of the chunks of flesh in your inventory have rotted away.
The kobold throws a stone.
The stone misses you.
You see here a stone.
A kobold comes into view.
A hobgoblin comes into view. It is wielding a club.
You closely miss the kobold.
The kobold shouts!
You hear a shout!
The kobold hits you.
The kobold throws a stone.
The stone closely misses you.
The hobgoblin shouts!
You hit the kobold.
You kill the kobold!
The kobold throws a stone.
The stone hits you but does no damage. The hobgoblin barely misses you.
The kobold hits you.
You closely miss the kobold. The hobgoblin hits you with a club.
The kobold hits you but does no damage.
A dart slug comes into view.
You hit the kobold but do no damage. The hobgoblin hits you with a club.
* * * LOW HITPOINT WARNING * * *
The kobold hits you but does no damage.
You are too injured to fight recklessly!
You see here a stone.
You see here a stone.
The dart slug launches a dart at you. The slug dart hits you!
You die...

#.########### # ...
............... ... #. #.#
.......#........
....##.###.###.......#........
..%).!...#....................
..#.##.#.#...........#........
.............. ..............
..........###...######'#####
#..###....(.(@'...+:..........
#.....w...#g###...#######.####
#..######.K..# ..# #.## ###..#
.# #..# #.(# # ##.# #..# ....
#..# #..... ##+#######..#
#..... #........#..# #.....


You could see a dart slug, a hobgoblin and a kobold.

Vanquished Creatures
  An ooze (D:1)
  A goblin (D:1)
  6 hobgoblins (D:1)
  4 jackals (D:1)
  2 ball pythons (D:1)
  5 bats (D:1)
  2 frilled lizards
  3 kobolds
  4 rats
28 creatures vanquished.

Notes
Turn   | Place    | Note
-------+----------+-------------------------------------------
     0 | D:1      | RKaid the Deep Elf Artificer began the quest for the Orb.
     0 | D:1      | Reached XP level 1. HP: 11/11 MP: 5/5
   392 | D:1      | Found a shimmering altar of Xom.
   413 | D:1      | Reached skill level 1 in Fighting
   542 | D:1      | Reached XP level 2. HP: 11/16 MP: 6/6
  1070 | D:1      | Reached skill level 2 in Stealth
  1670 | D:1      | Reached XP level 3. HP: 20/20 MP: 7/7
  1725 | D:1      | Reached skill level 2 in Short Blades
  1818 | D:1      | centaur barding on D1!
  1883 | D:2      | Found an opulent altar of Gozag.
  1920 | D:2      | HP: 4/20 [hobgoblin/club (6)]
  1926 | D:2      | Killed from afar by a dart slug

Skill      XL: |  1  2  3 |
---------------+----------+-----
Fighting       | 1 |  1.5
Stealth        | 2 |  2.3
Short Blades   | 2 |  2.0
Dodging        | |  2.4
Evocations     | |  3.2

Action                   || total
-------------------------++-------
Melee: Short sword       ||   147
Evoke: Wand              ||     1
 Stab: Sleeping          ||     3
  Eat: Chunk             ||     3
Armor: Ring mail         ||    78
       Leather armour    ||     6
Dodge: Dodged            ||   155

Table legend:
 A = Turns spent in this place as a percentage of turns spent in the entire game.
 B = Non-inter-level travel turns spent in this place as a percentage of non-inter-level travel turns spent in the entire game.
 C = Inter-level travel turns spent in this place as a percentage of turns spent in this place.
 D = Turns resting spent in this place as a percentage of non-inter-level travel turns spent in this place.
 E = Turns spent auto-exploring this place as a percentage of non-inter-level travel turns spent in this place.
 F = Non-inter-level travel turns spent in this place divided by the number of levels of this place that you've seen.
                   A       B       C       D       E      F
               +-------+-------+-------+-------+-------+----------------------
         Total | 100.0 | 100.0 |   7.1 |  35.5 |  41.7 | 895.0
       Dungeon | 100.0 | 100.0 |   7.1 |  35.5 |  41.7 | 895.0
               +-------+-------+-------+-------+-------+----------------------

Table legend:
 A = Kills in this place as a percentage of kills in entire the game.
 B = Kills by you in this place as a percentage of kills by you in the entire game.
 C = Kills by friends in this place as a percentage of kills by friends in the entire game.
 D = Other kills in this place as a percentage of other kills in the entire game.
 E = Experience gained in this place as a percentage of experience gained in the entire game.
 F = Experience gained in this place divided by the number of levels of this place that you have seen.
                   A       B       C       D       E      F
               +-------+-------+-------+-------+-------+----------------------
         Total | 100.0 | 100.0 |   N/A |   N/A | 100.0 |  24.0
       Dungeon | 100.0 | 100.0 |   N/A |   N/A | 100.0 |  24.0
               +-------+-------+-------+-------+-------+----------------------
